 Dungeon Sprint DCSS version 0.29.1-2-gbd0b4ee654 (webtiles) character file.

Game seed: 8650622449146281517

21679 boopmooplesden the Pulveriser (level 12, -20/136 HPs)
             Began as a Minotaur Berserker on Nov 22, 2022.
             Was the Champion of Trog.
             Killed from afar by a red draconian scorcher (33 damage)
             ... with a searing blast
             ... in the Dungeon (Sprint VII: "The Pits").
             The game lasted 00:10:26 (3056 turns).

boopmooplesden the Pulveriser (Minotaur Berserker)  Turns: 3056, Time: 00:10:26

Health: -20/136    AC: 19    Str: 24    XL:     12   Next: 56%
Magic:  11/11      EV: 15    Int:  4    God:    Trog [******]
Gold:   35         SH:  0    Dex: 13    Spells: 11/11 levels left

rFire   . . .      SeeInvis .   b - +5 lajatang (flame)
rCold   . . .      Faith    .   (shield currently unavailable)
rNeg    . . .      Spirit   .   t - +5 scale mail {Will+}
rPois   .          Reflect  .   u - +2 hat
rElec   .          Harm     .   (no cloak)
rCorr   .          Rampage  .   (no gloves)
Will    +....      NoTele   +   s - +0 pair of boots
Stlth   ++........              (no amulet)
HPRegen 0.32/turn               (no ring)
MPRegen 0.12/turn               (no ring)

@: flayed, on berserk cooldown, slowed, very slow
A: horns 2, retaliatory headbutt
a: Renounce Religion, Berserk, Trog's Hand, Brothers in Arms


You were in the Dungeon.
You worshipped Trog.
Trog was exalted by your worship.
You visited 1 branch You collected 35 gold pieces.

Inventory:

Hand Weapons
 a - a +0 spear
 b - a +5 lajatang of flaming (weapon)
 j - a +2 quarterstaff
 k - a +2 quarterstaff of speed
 l - a +6 quick blade of flaming
 q - a +5 quarterstaff of speed
Armour
 r - a +3 plate armour
 s - a +0 pair of boots (worn)
 t - a +5 scale mail of willpower (worn)
 u - a +2 hat (worn)
 w - a +0 cloak of willpower
Jewellery
 n - a +3 ring of strength
 o - a +3 ring of intelligence
 v - a ring of ice
 x - a ring of protection from cold
Scrolls
 d - a scroll of identify
 h - 2 scrolls of blinking
 A - 2 scrolls of fog
 B - a scroll of magic mapping
 C - a scroll of fear
Potions
 c - 6 potions of curing
 e - 9 potions of haste
 f - 4 potions of magic
 g - 5 potions of berserk rage
 i - 2 potions of invisibility
 m - a potion of degeneration {unknown}
 p - 4 potions of might
Miscellaneous
 y - a phial of floods
 z - a tin of tremorstones (2/2)


   Skills:
 + Level 21.1 Fighting
 + Level 11.0(18.0) Polearms
 + Level 22.4(23.2) Staves
 + Level 16.7 Armour
 + Level 11.4 Dodging
 + Level 6.1 Stealth


You had 11 spell levels left.
You didn't know any spells.
Your spell library was empty.

Dungeon Overview and Level Annotations

Branches:
Dungeon (1/1)

Altars:


Innate Abilities, Weirdness & Mutations

You have a pair of horns on your head.
You reflexively headbutt those who attack you in melee.


Message History

Terrible wounds spread across more of your body!
* * * LOW HITPOINT WARNING * * *
The red draconian scorcher hits you but does no damage.
You barely miss the rakshasa.
The rakshasa is heavily wounded.
The spriggan rider hits you but does no damage.
You slice the rakshasa!! You burn the rakshasa. You headbutt the rakshasa!
You kill the rakshasa!
Trog accepts your kill. Trog grants you a weapon!
Something appears at your feet!
You see here a +3 vorpal quarterstaff.
The flayed ghost stares at you with tortured malice.
Terrible wounds spread across more of your body!
* * * LOW HITPOINT WARNING * * *
The red draconian scorcher hits you but does no damage.
The flayed ghost misses you. You furiously retaliate!
You headbutt the flayed ghost!
The red draconian scorcher gestures at you while chanting.
The bolt of fire misses you.
Things that are here:
a +0 long sword; a +0 robe; the Anthology of the Countless Wars You feel a strong urge to attack something.
You are no longer berserk.
You are exhausted.
You feel yourself slow down.
You see here a book of Necromancy.
The flayed ghost stares at you with tortured malice.
Terrible wounds spread across more of your body!
* * * LOW HITPOINT WARNING * * *
The spriggan rider misses you.
The red draconian scorcher hits you with a +0 rapier.
* * * LOW HITPOINT WARNING * * *
The flayed ghost hits you.
* * * LOW HITPOINT WARNING * * *
Your cyclops goes berserk!
The spriggan rider hits you from afar with a +0 spear.
* * * LOW HITPOINT WARNING * * *
The red draconian scorcher breathes fire at you.
The searing blast hits you!!
You die...

#########..##..#....#..#
#.#.#.#.#..##..........+
:#)#.#.##..##..........+
#.#.#:#|#..####''####++
.#.#.#.##..####''###
#.#.#.#.#..##......#
#########..##.#+##.#
........ #.#}:'.#
........ #.'.@#.#
''##### #.#Wq+.#
''###### #.C)i#.#
.......# #.##)#.#
#......# #...†..#
.......+ ########
.......+ #......#
.......#


You could see a red draconian scorcher (catching breath), a spriggan rider, a
flayed ghost (ally target) and a friendly cyclops (summoned, berserk).

Vanquished Creatures
  Gastronok (D)
  Kirke (D)
  A ghost moth (D)
  A black draconian (D)
  A dire elephant (D)
  A rakshasa (D)
  A two-headed ogre (D)
  3 death yaks (D)
  A flayed ghost (D)
  A lindwurm (D)
  An orc knight (D)
  An orc sorcerer (D)
  An elephant (D)
  A gargoyle (D)
  2 molten gargoyles (D)
  An efreet (D)
  An unseen horror (D)
  An ice devil (D)
  A hellwing (D)
  3 slime creatures (D)
  A hornet (D)
  A tyrant leech (D)
  Grinder (D)
  3 blink frogs (D)
  4 dream sheep (D)
  A shadow (D)
  A culicivora (shapeshifter) (D)
  An air elemental (D)
  A ynoxinul (D)
  Eustachio (D)
  2 wyverns (D)
  A basilisk (D)
  2 redbacks (D)
  2 chaos spawn (D)
  A vampire mosquito (D)
  3 floating eyes (D)
  Pargi (D)
  2 orc warriors (D)
  A sky beast (D)
  A black bear (D)
  2 centaurs (D)
  A kobold brigand (D)
  An earth elemental (D)
  3 gnoll sergeants (D)
  A bullfrog (D)
  6 killer bees (D)
  3 orc priests (D)
  A mummy (D)
  9 gnolls (D)
  An adder skeleton (D)
  A worm (shapeshifter) (D)
  2 worms (D)
  2 adder simulacra (D)
  5 orcs (D)
  A bat skeleton (D)
  A bat zombie (D)
  2 endoplasms (D)
  A goblin (D)
  A hobgoblin (D)
  2 quokkas (D)
  A ball python zombie (D)
  A jackal skeleton (D)
104 creatures vanquished.

Vanquished Creatures (collateral kills)
  An emperor scorpion (D)
  2 hydras (D)
  A catoblepas (D)
  A flayed ghost (D)
  A phantasmal warrior (D)
  A rime drake (D)
  A tarantella (D)
  A dream sheep (D)
  3 killer bees (D)
12 creatures vanquished.

Vanquished Creatures (others)
  An orc (D)
  A quokka skeleton (D)
2 creatures vanquished.

Grand Total: 118 creatures vanquished

Notes
Turn   | Place    | Note
-------+----------+-------------------------------------------
     0 | D        | boopmooplesden the Minotaur Berserker began the quest for
                  | the Orb.
     0 | D        | Reached XP level 1. HP: 19/19 MP: 0/0
    47 | D        | Reached ** piety under Trog
   172 | D        | Noticed a floating eye
   174 | D        | Killed a floating eye
   174 | D        | Noticed a floating eye
   175 | D        | Reached XP level 2. HP: 35/35 MP: 1/1
   175 | D        | Reached XP level 3. HP: 40/40 MP: 2/2
   175 | D        | Reached XP level 4. HP: 48/48 MP: 3/3
   181 | D        | Paralysed by a floating eye for 3 turns
   185 | D        | Killed a floating eye
   186 | D        | Reached skill level 1 in Staves
   186 | D        | Reached skill level 5 in Armour
   186 | D        | Reached XP level 5. HP: 57/57 MP: 4/4
   227 | D        | Noticed a sky beast
   229 | D        | Reached *** piety under Trog
   233 | D        | Killed a sky beast
   234 | D        | Reached skill level 10 in Fighting
   234 | D        | Reached skill level 2 in Staves
   234 | D        | Reached skill level 5 in Dodging
   234 | D        | Reached XP level 6. HP: 66/66 MP: 5/5
   297 | D        | Noticed Pargi
   304 | D        | Reached skill level 3 in Staves
   309 | D        | Reached skill level 10 in Polearms
   311 | D        | Reached **** piety under Trog
   312 | D        | Reached skill level 4 in Staves
   322 | D        | Reached skill level 5 in Staves
   332 | D        | Killed Pargi
   332 | D        | Reached ***** piety under Trog
   333 | D        | Reached skill level 6 in Staves
   333 | D        | Reached XP level 7. HP: 50/74 MP: 6/6
   593 | D        | Noticed a vampire mosquito
   599 | D        | Killed a vampire mosquito
   600 | D        | Reached skill level 8 in Staves
   610 | D        | Reached ****** piety under Trog
   612 | D        | Received a gift from Trog
   613 | D        | Reached skill level 9 in Staves
   788 | D        | Noticed a tyrant leech
   788 | D        | Noticed a gargoyle
   802 | D        | Killed a tyrant leech
   803 | D        | Reached skill level 10 in Staves
   803 | D        | Reached XP level 8. HP: 85/85 MP: 7/7
   809 | D        | Killed a gargoyle
   810 | D        | Reached skill level 12 in Staves
   919 | D        | Noticed Eustachio
   923 | D        | Killed Eustachio
   928 | D        | Received a gift from Trog
   970 | D        | Reached skill level 13 in Staves
   978 | D        | Reached skill level 14 in Staves
   978 | D        | Reached XP level 9. HP: 72/93 MP: 8/8
   984 | D        | Reached skill level 1 in Stealth
   987 | D        | Noticed a hellwing
   987 | D        | Noticed a lindwurm
   999 | D        | Killed a hellwing
  1003 | D        | Killed a lindwurm
  1003 | D        | Received a gift from Trog
  1004 | D        | Reached skill level 15 in Staves
  1006 | D        | Killed an unseen horror
  1007 | D        | Reached skill level 16 in Staves
  1007 | D        | Reached skill level 10 in Armour
  1195 | D        | Noticed Grinder
  1201 | D        | Killed Grinder
  1209 | D        | Received a gift from Trog
  1211 | D        | Noticed an elephant
  1229 | D        | Killed an elephant
  1230 | D        | Reached skill level 17 in Staves
  1230 | D        | Reached XP level 10. HP: 68/104 MP: 9/9
  1375 | D        | Noticed a molten gargoyle
  1383 | D        | Killed a molten gargoyle
  1384 | D        | Noticed a two-headed ogre
  1519 | D        | Reached skill level 18 in Staves
  1522 | D        | Reached skill level 15 in Fighting
  1601 | D        | Killed a two-headed ogre
  1601 | D        | Received a gift from Trog
  1778 | D        | Noticed a fire crab
  1803 | D        | Noticed a molten gargoyle
  1813 | D        | Killed a molten gargoyle
  1972 | D        | Noticed a flayed ghost
  1982 | D        | Reached skill level 19 in Staves
  1990 | D        | Killed a flayed ghost
  1992 | D        | Noticed Gastronok
  1993 | D        | Received a gift from Trog
  2000 | D        | Noticed a catoblepas
  2005 | D        | Noticed a flayed ghost
  2005 | D        | Noticed a six-headed hydra
  2009 | D        | Noticed an orc knight
  2022 | D        | Killed a catoblepas
  2023 | D        | Reached XP level 11. HP: 45/115 MP: 10/10
  2024 | D        | Killed a seven-headed hydra
  2025 | D        | Reached skill level 20 in Staves
  2025 | D        | Received a gift from Trog
  2028 | D        | Killed a flayed ghost
  2032 | D        | Killed an orc knight
  2044 | D        | Killed Gastronok
  2044 | D        | Received a gift from Trog
  2459 | D        | Noticed an orc sorcerer
  2461 | D        | Noticed a six-headed hydra
  2463 | D        | Noticed a dire elephant
  2463 | D        | Noticed Kirke
  2464 | D        | Killed an orc sorcerer
  2467 | D        | Killed a six-headed hydra
  2471 | D        | Noticed a black draconian
  2471 | D        | Paralysed by an air elemental for 1 turns
  2479 | D        | Killed a dire elephant
  2480 | D        | Reached skill level 21 in Staves
  2483 | D        | Killed a black draconian
  2484 | D        | Reached skill level 15 in Armour
  2484 | D        | Reached skill level 10 in Dodging
  2492 | D        | Received a gift from Trog
  2509 | D        | Received a gift from Trog
  2519 | D        | Reached skill level 5 in Stealth
  2519 | D        | Reached XP level 12. HP: 66/130 MP: 11/11
  2519 | D        | Noticed an emperor scorpion
  2527 | D        | Killed an emperor scorpion
  2539 | D        | Killed Kirke
  2547 | D        | Received a gift from Trog
  2584 | D        | HP: 6/133 [something (8)]
  2585 | D        | Killed a ghost moth
  2586 | D        | Reached skill level 22 in Staves
  2589 | D        | Received a gift from Trog
  3029 | D        | Noticed a death yak
  3029 | D        | Noticed a death yak
  3029 | D        | Noticed a rakshasa
  3029 | D        | Noticed a death yak
  3030 | D        | Noticed a red draconian scorcher
  3038 | D        | Killed a death yak
  3043 | D        | Killed a death yak
  3047 | D        | Killed a death yak
  3052 | D        | Killed a rakshasa
  3052 | D        | Received a gift from Trog
  3056 | D        | Killed from afar by a red draconian scorcher

Illustrated notes

Levels and vault maps discovered:
D:        pitsprint [storerooms_1, entrance_room_1, metal_vault_7, armoury_1,
          mini_pit_1, grid_room_1, main_hall_1, silver_pit, the_coven_2,
          the_vestibule_1, steel_vault_1, golden_pit, hallway_of_sentries,
          crystal_vault_1, iron_vault_4, final_vault]

Skill      XL: |  1  2  3  4  5  6  7  8  9 10 11 12 |
---------------+-------------------------------------+-----
Fighting       | 7 9 10 11 12 13 14 16 19 21 | 21.1
Polearms       | 7 9 10 11 | 11.0
Armour         | 4 5 6 7 8 10 13 15 16 | 16.7
Dodging        | 4 5 6 7 8 10 11 | 11.4
Staves         | 1 2 6 10 14 17 19 21 22 | 22.4
Stealth        | 1 3 5 6 |  6.1

Action                   |  1- 3 |  4- 6 |  7- 9 | 10-12 || total
-------------------------+-------+-------+-------+-------++-------
Melee: Quarterstaff      |     4 |    34 |    89 |   169 ||   296
       Spear             |     3 |       |       |       ||     3
       Headbutt          |     2 |     2 |    26 |    46 ||    76
       Lajatang          |       |       |       |    18 ||    18
Invok: Berserk           |     1 |     2 |     4 |     7 ||    14
       Brothers in Arms  |       |       |       |     4 ||     4
       Trog's Hand       |       |       |       |     1 ||     1
  Use: Potion            |       |       |       |    16 ||    16
       Scroll            |       |       |       |     6 ||     6
 Stab: Distracted        |       |       |       |     2 ||     2
Armor: Animal skin       |     2 |       |       |       ||     2
       Chain mail        |       |    29 |     3 |       ||    32
       Troll leather arm |       |       |     5 |       ||     5
       Scale mail        |       |       |    20 |    90 ||   110
Dodge: Dodged            |     5 |    23 |    43 |    89 ||   160
